 Dungeon Crawl Stone Soup version 0.19.1-1-g22dce08 (webtiles) character file.

75 nikopol the Skirmisher (level 4, -2/29 HPs)
             Began as a Gargoyle Berserker on Jan 17, 2017.
             Was a Believer of Trog.
             Slain by Sigmund
             ... wielding a +1 scythe of protection
              (9 damage)
             ... on level 2 of the Dungeon.
             The game lasted 00:03:31 (1858 turns).

nikopol the Skirmisher (Gargoyle Berserker)         Turns: 1858, Time: 00:03:33

Health: -2/29      AC: 12    Str: 20    XL:     4   Next: 31%
Magic:  4/4        EV:  8    Int:  8    God:    Trog [**....]
Gold:   81         SH:  0    Dex: 10    Spells: 0 memorised, 3 levels left

rFire  . . .     SeeInvis .     a - +0 hand axe
rCold  . . .     Gourm    .     o - +0 chain mail
rNeg   + . .     Faith    .     (no shield)
rPois  ∞         Spirit   .     (no helmet)
rElec  +         Reflect  .     (no cloak)
rCorr  .         Harm     .     (no gloves)
MR     .....                    (no boots)
Stlth  ..........               (no amulet)
                                (no ring)
                                (no ring)

@: no status effects
A: negative energy resistance 1, electricity resistance, unbreathing,
petrification resistance, rot immunity, AC +3
a: Berserk, Trog's Hand, Burn Spellbooks, Renounce Religion


You were on level 2 of the Dungeon.
You worshipped Trog.
Trog was pleased with you.
You were not hungry.

You visited 1 branch of the dungeon, and saw 2 of its levels.

You collected 81 gold pieces.

Inventory:

Hand Weapons
 a - a +0 hand axe (weapon)
Armour
 b - a +0 animal skin
 o - a +0 chain mail (worn)
Jewellery
 l - a cursed ring of teleportation {unknown}
Scrolls
 e - a scroll of amnesia {unknown}
 g - a scroll of identify {unknown}
 h - a scroll of enchant weapon {unknown}
 j - a scroll of teleportation {unknown}
Potions
 d - a potion of beneficial mutation {unknown}
 k - a potion of cancellation {unknown}
 m - 2 potions of brilliance {unknown}
 n - 2 potions of agility {unknown}
Comestibles
 c - a bread ration
 f - 3 chunks of flesh
 i - 2 meat rations


   Skills:
 + Level 4.0 Fighting
 + Level 3.2 Axes
 + Level 3.1 Armour
 + Level 2.1 Dodging


You had 3 spell levels left.
You didn't know any spells.

Dungeon Overview and Level Annotations

Branches:
Dungeon (2/15)

Altars:
Nemelex Xobeh

Annotations:
D:2 Ijyb, Sigmund


Innate Abilities, Weirdness & Mutations

You are resistant to torment.
Your stone body is resilient. (AC +3)
You are immune to poison.
You resist negative energy. (rN+)
You are resistant to electric shocks. (rElec)
You can survive without breathing.
You are immune to petrification.
You are immune to rotting.


Message History

Trog accepts your kill.
Sigmund points at you and mumbles some strange words.
The puff of flame hits you!
A goblin and a gnoll come into view.
Ijyb the Twisted Goblin comes into view.
She is wielding a club.
Ijyb shouts!
The goblin shouts!
Sigmund hits you from afar with a scythe of protection.
You hit Sigmund.
Sigmund is lightly wounded.
You closely miss the gnoll. Sigmund barely misses you.
A goblin comes into view.
You closely miss Sigmund.
Sigmund is lightly wounded.
The goblin shouts!
You hit the gnoll but do no damage.
Your chain mail prevents you from hitting the gnoll.
The gnoll hits you with a flail.
* * * LOW HITPOINT WARNING * * *
Sigmund hits you with a scythe of protection!
You die...

........##.#
###.....##.#
##....#..# ####
######.##.....
#########.##.....
#................
#..........#.....
#................
#.....)..@@###%#.
#........ggg...#
#........gg.#....
#...[....g..# g..
#....#........ #
#....#......##.
#....#....... .
.. #........


You could see Sigmund, Ijyb, 4 gnolls and 2 goblins.

Vanquished Creatures
  2 adders (D:2)
  2 worms (D:2)
  2 dart slugs (D:1)
  2 leopard geckos (D:1)
  3 bats
  A giant cockroach (D:1)
  7 hobgoblins
  A quokka (D:2)
  4 frilled lizards
  4 goblins (D:2)
  4 kobolds
  19 rats
51 creatures vanquished.

Notes
Turn   | Place    | Note
-------+----------+-------------------------------------------
     0 | D:1      | nikopol the Gargoyle Berserker began the quest for the Orb.
     0 | D:1      | Reached XP level 1. HP: 14/14 MP: 1/1
    45 | D:1      | Reached XP level 2. HP: 7/19 MP: 2/2
   680 | D:1      | Reached ** piety under Trog
   748 | D:1      | Reached XP level 3. HP: 24/24 MP: 3/3
   854 | D:1      | Found a sparkling altar of Nemelex Xobeh.
  1551 | D:2      | Reached XP level 4. HP: 16/29 MP: 4/4
  1798 | D:2      | Reached skill level 4 in Fighting
  1851 | D:2      | Noticed Sigmund
  1855 | D:2      | Noticed Ijyb
  1858 | D:2      | Slain by Sigmund

Skill      XL: |  1  2  3  4 |
---------------+-------------+-----
Axes           | 3 |  3.2
Armour         | 3 |  3.1
Dodging        | 2 |  2.1
Fighting       | 4 |  4.0

Action                   |  1- 3 |  4- 6 || total
-------------------------+-------+-------++-------
Melee: Hand axe          |   136 |    26 ||   162
Invok: Berserk           |     1 |       ||     1
 Stab: Sleeping          |     1 |       ||     1
  Eat: Chunk             |     3 |     1 ||     4
Armor: Animal skin       |    39 |     6 ||    45
       Chain mail        |       |     1 ||     1
Dodge: Dodged            |    78 |    14 ||    92
